 Dungeon Crawl Stone Soup version 0.28-a0-1382-g92835e5c71 (webtiles) character file.

Game seed: 3568732078894516709

63 Deminshera the Sneak (level 4, 0/26 (28) HPs)
             Began as a Kobold Brigand on Jan 1, 2022.
             Slain by Crazy Yiuf (7 damage)
             ... on level 2 of the Dungeon.
             The game lasted 00:01:47 (2542 turns).

Deminshera the Sneak (Kobold Brigand)               Turns: 2542, Time: 00:01:47

HP:   0/26 (28)     AC:  3    Str: 10    XL:     4   Next: 30%
MP:   4/4           EV: 14    Int: 12    God:
Gold: 47            SH:  0    Dex: 22    Spells: 3/3 levels left

rFire   . . .      SeeInvis .   a - +2 dagger
rCold   . . .      Faith    .   (no shield)
rNeg    . . .      Spirit   .   b - +0 robe
rPois   .          Reflect  .   (no helmet)
rElec   .          Harm     .   c - +0 cloak
rCorr   .          Rampage  .   (no gloves)
Will    .....                   (no boots)
Stlth   +++++.....              (no amulet)
HPRegen 0.08/turn               g - +6 ring of dexterity
MPRegen 0.09/turn               (no ring)

@: drained
A: small, no large weapons, nightstalker 3
a: no special abilities


You were on level 2 of the Dungeon.
You visited 1 branch of the dungeon, and saw 2 of its levels.

You collected 47 gold pieces.

Inventory:

Hand Weapons
 a - a +2 dagger (weapon)
Missiles
 d - 5 poisoned darts (quivered)
Armour
 b - a +0 robe (worn)
 c - a +0 cloak (worn)
Jewellery
 g - a +6 ring of dexterity (left hand)
Potions
 f - a potion of brilliance {unknown}
 h - a potion of curing {unknown}


   Skills:
 + Level 3.0 Fighting
 * Level 4.4 Short Blades
 - Level 2.1 Throwing
 - Level 1.2 Dodging
 + Level 5.9 Stealth


You had 3 spell levels left.
You didn't know any spells.
Your spell library was empty.

Dungeon Overview and Level Annotations

Branches:
Dungeon (2/15)

Altars:

Shops:
D:2 (

Annotations:
D:2 Crazy Yiuf


Innate Abilities, Weirdness & Mutations

You are small and have problems with some larger weapons.
You are completely attuned to the shadows.


Message History

No target in view!
No target in view!
No target in view!
No target in view!
No target in view!
No target in view!
No target in view!
No target in view!
No target in view!
As you open the door, it creaks loudly!
Crazy Yiuf shouts!
There is an open translucent door here.
Crazy Yiuf twirls on the spot.
Throw: 2 darts (curare)
Press: ? - help, Q - select action, (/) - cycle Shift-Dir - straight line, f - Crazy Yiuf
Aim: Crazy Yiuf, wielding a +4 quarterstaff of chaos and wearing a +0 cloak (69% to hit)
You throw a curare-tipped dart.
The curare-tipped dart barely misses Crazy Yiuf.
Crazy Yiuf hits you with a +4 quarterstaff of chaos.
Crazy Yiuf freezes you.
Throw: dart (curare)
Press: ? - help, Q - select action, (/) - cycle Shift-Dir - straight line, f/p - Crazy Yiuf
Aim: Crazy Yiuf, wielding a +4 quarterstaff of chaos and wearing a +0 cloak (69% to hit)
You throw a curare-tipped dart.
The curare-tipped dart barely misses Crazy Yiuf.
You throw a poisoned dart.
The poisoned dart barely misses Crazy Yiuf.
Crazy Yiuf whimpers, "Gnoll!"
Crazy Yiuf hits you with a +4 quarterstaff of chaos!
You feel drained.
* * * LOW HITPOINT WARNING * * *
You are too injured to fight recklessly!
Unknown command.
You are too injured to fight recklessly!
Throw: 6 darts (poison)
Press: ? - help, Q - select action Shift-Dir - straight line, f/p - Crazy Yiuf
Aim: Crazy Yiuf, wielding a +4 quarterstaff of chaos and wearing a +0 cloak (69% to hit)
You throw a poisoned dart.
The poisoned dart closely misses Crazy Yiuf.
Crazy Yiuf hits you with a +4 quarterstaff of chaos!
You die...

.....###.##.#.#
####..÷.......#
.....#÷#.#.#..#
####..........#
...#.#.#.#..#
............##### ####
...#.#.#.#......## ###..)#
#....†...........####('...#
...#.#.#.#....@g.(#.(##...#
##..........#....#.### ####
####.##....########
#.####..# #.......#
#.......# ###.......#
#.........# #........>#


You could see Crazy Yiuf.

Vanquished Creatures
  A hound skeleton (D:2)
  A worm (D:2)
  3 dart slugs (D:1)
  2 ball pythons
  4 endoplasms (D:1)
  A giant cockroach (D:2)
  4 hobgoblins (D:1)
  7 jackals
  4 bats
  3 frilled lizards
  4 kobolds (D:1)
  5 rats (D:1)
39 creatures vanquished.

Notes
Turn   | Place    | Note
-------+----------+-------------------------------------------
     0 | D:1      | Deminshera the Kobold Brigand began the quest for the Orb.
     0 | D:1      | Reached XP level 1. HP: 12/12 MP: 1/1
   636 | D:1      | Reached XP level 2. HP: 18/18 MP: 2/2
  1071 | D:1      | Reached XP level 3. HP: 22/22 MP: 3/3
  1071 | D:1      | Found a faded altar of an unknown god.
  1778 | D:2      | Found Tusegat's Weapon Emporium.
  1828 | D:2      | Reached XP level 4. HP: 24/27 MP: 4/4
  2480 | D:2      | Found a runed translucent door.
  2483 | D:2      | Noticed Crazy Yiuf
  2542 | D:2      | Slain by Crazy Yiuf

Illustrated notes

Levels and vault maps discovered:
D:1:      elethiomel_arrival_infinity_welcomes_careful_drivers, layout_rooms,
          hellmonk_ecumenical_altar_heavens_door
D:2:      layout_basic, serial_shops, nicolae_shop_hallway_stairs, serial_glass,
          glass_columns_a, glass_columns_a, glass_columns_a, glass_columns_b,
          glass_columns_c, glass_columns_c, uniq_crazy_yiuf_cottage,
          uniq_natasha, uniq_sigmund

Skill      XL: |  1  2  3  4 |
---------------+-------------+-----
Short Blades   | 3 4 |  4.4
Fighting       | 3 |  3.0
Throwing       | |  2.1
Dodging        | |  1.2
Stealth        | |  5.9

Action                   |  1- 3 |  4- 6 || total
-------------------------+-------+-------++-------
Melee: Dagger            |    97 |    40 ||   137
Throw: Dart              |     7 |     4 ||    11
 Stab: Sleeping          |    14 |       ||    14
Armor: Robe              |    13 |     5 ||    18
Dodge: Dodged            |    58 |    29 ||    87

Table legend: (Time is in decaauts)
 A = Elapsed time spent in this place.
 B = Non-inter-level travel time spent in this place.
 C = Inter-level travel time spent in this place.
 D = Time resting spent in this place.
 E = Time spent auto-exploring this place.
 F = Levels seen in this place.
 G = Mean time per level.
                   A        B        C        D        E       F      G
               +--------+--------+--------+--------+--------+-----+--------+
         Total |   2514 |   2500 |     14 |   1371 |    855 |   2 | 1257.0 |
       Dungeon |   2514 |   2500 |     14 |   1371 |    855 |   2 | 1257.0 |
               +--------+--------+--------+--------+--------+-----+--------+

Top non-repeatable levels by time:
     D:1: 1762 daAuts
     D:2: 752 daAuts
